 Dungeon Crawl Stone Soup version 0.29-a0-121-g8efb068a30 (webtiles) character file.

Game seed: 14432865247047525997

79 Gargoyl the Skirmisher (level 4, 0/29 HPs)
             Began as a Gargoyle Abyssal Knight on Feb 20, 2022.
             Was a Follower of Lugonu.
             Slain by Sigmund (1 damage)
             ... on level 2 of the Dungeon.
             The game lasted 00:01:55 (2003 turns).

Gargoyl the Skirmisher (Gargoyle Abyssal Knight)    Turns: 2003, Time: 00:01:55

Health: 0/29       AC: 12    Str: 18    XL:     4   Next: 37%
Magic:  5/5        EV:  7    Int: 11    God:    Lugonu [*.....]
Gold:   92         SH:  0    Dex: 10    Spells: 3/3 levels left

rFire   . . .      SeeInvis .   a - +1 hand axe
rCold   . . .      Faith    .   (no shield)
rNeg    + . .      Spirit   .   b - +0 chain mail
rPois   ∞          Reflect  .   (no helmet)
rElec   +          Harm     .   (no cloak)
rCorr   .          Rampage  .   (no gloves)
Will    .....                   (no boots)
Stlth   ..........              (no amulet)
HPRegen 0.09/turn               (no ring)
MPRegen 0.09/turn               (no ring)

@: confused, on berserk cooldown, slowed, very slow
A: sickness immunity, AC +3, negative energy resistance 1, electricity
resistance, torment resistance 1, petrification resistance
a: Renounce Religion, Depart the Abyss


You were on level 2 of the Dungeon.
You worshipped Lugonu.
Lugonu was aware of your devotion.
You visited 1 branch of the dungeon, and saw 3 of its levels.
You visited the Abyss 1 time.

You collected 92 gold pieces.

Inventory:

Hand Weapons
 a - a +1 hand axe (weapon)
 d - a +0 broad axe
Armour
 b - a +0 chain mail (worn)


   Skills:
 + Level 3.8 Fighting
 + Level 2.6 Axes
 + Level 2.7 Armour
 + Level 1.3 Dodging
 + Level 0.5 Stealth
 + Level 2.5 Invocations


You had 3 spell levels left.
You didn't know any spells.
Your spell library contained the following spells:

 Spells                   Type           Power      Damage    Failure   Level
 Shock                    Conj/Air       0%         1d3       99%         1
 Swiftness                Air            0%         N/A       100%        3
 Airstrike                Air            0%         N/A       100%        4


Dungeon Overview and Level Annotations

Branches:
Dungeon (3/15)

Altars:

Annotations:
D:2 Sigmund


Innate Abilities, Weirdness & Mutations

You are immune to sickness and miasma.
Your stone body is resilient. (AC +3)
You are immune to poison.
You resist negative energy. (rN+)
You are resistant to electric shocks. (rElec)
You are resistant to unholy torment.
You are immune to petrification.


Message History

You barely miss something. Something hits you.
You slash something! You hit something. Something hits you.
You hit something. Something hits you but does no damage.
You closely miss something. Something hits you.
You closely miss something. You closely miss something.
Something hits you but does no damage.
You miss something.
You hear some strange, mumbled words.
A puff of flame appears from out of thin air!
The puff of flame hits you.
It was a potion of berserk rage.
A red film seems to cover your vision as you go berserk!
You feel yourself moving faster!
You feel mighty! Something hits you.
You completely miss something. You slash something!
You hear some strange, mumbled words.
A magic dart appears from out of thin air!
The magic dart hits you!
You barely miss something.
You hear some strange, mumbled words.
You are confused.
Something hits you but does no damage.
You feel a strong urge to attack something.
You bump into the rock wall.
You hear some strange, mumbled words.
You are more confused.
You miss something.
You are no longer berserk.
You are exhausted.
You feel yourself slow down. Something hits you.
* * * LOW HITPOINT WARNING * * *
You're too confused to move!
Something hits you.
* * * LOW HITPOINT WARNING * * *
You bump into the rock wall.
Something hits you.
* * * LOW HITPOINT WARNING * * *
Unknown command.
Something hits you but does no damage. Something hits you.
You die...

#..#...........
########.............. .
.........#.........).. ..
######.##............ ...
##...##.....)...... ....
##..####............
.....#.{.................
.........######..........
......#.@...# ###..###.##
......#####.# #.## ..#
....# .. #.# ### .... #
... ###


There were no monsters in sight!

Vanquished Creatures
  Terence (D:3)
  An adder (D:2)
  A worm (D:2)
  3 dart slugs
  3 ball pythons (D:1)
  2 endoplasms (D:1)
  A giant cockroach (D:1)
  2 goblins (D:1)
  5 hobgoblins (D:1)
  2 jackals (D:1)
  4 kobolds
  A quokka (D:1)
  4 bats
  2 frilled lizards (D:1)
  A rat (D:1)
33 creatures vanquished.

Notes
Turn   | Place    | Note
-------+----------+-------------------------------------------
     0 | Abyss:1  | Gargoyl the Gargoyle Abyssal Knight began the quest for the
                  | Orb.
     0 | Abyss:1  | Reached XP level 1. HP: 14/14 MP: 2/2
     5 | Abyss:1  | Found a corrupted altar of Lugonu.
     6 | D:1      | Escaped the Abyss
   169 | D:1      | Reached skill level 1 in Dodging
   546 | D:1      | Reached XP level 2. HP: 13/19 MP: 3/3
   729 | D:1      | Reached * piety under Lugonu
   975 | D:1      | Reached XP level 3. HP: 24/24 MP: 4/4
  1074 | D:1      | Found a faded altar of an unknown god.
  1710 | D:2      | Noticed Sigmund
  1716 | D:3      | Noticed Terence
  1733 | D:3      | Killed Terence
  1734 | D:3      | Reached XP level 4. HP: 15/29 MP: 5/5
  2001 | D:2      | HP: 1/29 [something (2)]
  2003 | D:2      | Slain by Sigmund

Illustrated notes

Levels and vault maps discovered:
D:1:      elethiomel_arrival_maze, layout_basic,
          shapermc_ecumenical_altar_totnotflames
D:2:      layout_rooms, uniq_sigmund
D:3:      layout_loops_ring, serial_co_window_serial, co_window_corner_a,
          co_window_paths_b, co_window_corner_a, co_window_of_opportunity_a,
          co_window_paths_b, co_window_corner_b, co_window_cross_2,
          co_window_2corner, co_window_2corner, co_window_cross_2,
          co_window_4corner_b, co_window_paths_d, grunt_decor_fettered,
          hangedman_decor_opposing, uniq_robin, uniq_natasha, uniq_terence,
          uniq_ijyb

Skill      XL: |  1  2 |
---------------+-------+-----
Dodging        | 1 |  1.3
Axes           | 2 |  2.6
Fighting       | |  3.8
Armour         | |  2.7
Stealth        | |  0.5
Invocations    | |  2.5

Action                   |  1- 3 |  4- 6 || total
-------------------------+-------+-------++-------
Melee: Hand axe          |    96 |    22 ||   118
       Punch             |     2 |       ||     2
Invok: Depart the Abyss  |     1 |       ||     1
  Use: Potion            |     4 |     1 ||     5
       Scroll            |       |     2 ||     2
Armor: Leather armour    |    22 |       ||    22
       Ring mail         |    36 |       ||    36
       Chain mail        |       |    13 ||    13
Dodge: Dodged            |    82 |     2 ||    84

Table legend: (Time is in decaauts)
 A = Elapsed time spent in this place.
 B = Non-inter-level travel time spent in this place.
 C = Inter-level travel time spent in this place.
 D = Time resting spent in this place.
 E = Time spent auto-exploring this place.
 F = Levels seen in this place.
 G = Mean time per level.
                   A        B        C        D        E       F      G
               +--------+--------+--------+--------+--------+-----+--------+
         Total |   2024 |   2003 |     21 |    136 |   1501 |   4 |  506.0 |
       Dungeon |   2018 |   1997 |     21 |    136 |   1496 |   3 |  672.7 |
         Abyss |      6 |      6 |      0 |      0 |      5 |   1 |    6.0 |
               +--------+--------+--------+--------+--------+-----+--------+

Top non-repeatable levels by time:
     D:1: 1559 daAuts
     D:2: 288 daAuts
     D:3: 170 daAuts
 Abyss:1: 6 daAuts
